Map: Glittering Ashes LE

Players

A.I. 2 (Very Easy) - Winner!

  • Race: Protoss Protoss

Oreo

  • Race: Zerg Zerg

VOD

Have the link to the VOD?

Description

Time

  • Played on: Jan. 10, 2022, 4:21 a.m.
  • Length: 7:25
Show
View Real Time Build Order
Export as new Build Order

A.I. 2 (Very Easy) Protoss - Winner!

Build Orders:  

Get SALT Encoding   

  12  0:00  Probe  
  13  0:13  Probe  
  14  0:20  Pylon  
  14  0:37  Assimilator  
  14  0:43  Gateway  
  14  0:46  Pylon  
  14  1:13  Assimilator  
  14  1:22  Zealot  
  14  1:23  Probe  
  14  1:31  Probe  
  17  1:33  Cybernetics Core  
  18  1:41  Probe  
  19  1:53  Probe  
  20  1:59  Warp Gate  
  20  2:02  Probe  
  21  2:10  Probe  
  22  2:35  Stalker  
  24  4:17  Probe  
  24  5:46  Probe  
  24  6:51  Probe  
  24  6:57  Adept  
  24  6:58  Pylon  
  24  6:59  Probe  
  24  7:00  Robotics Facility  
  27  7:03  Nexus  
  28  7:09  Probe  
Show
View Real Time Build Order
Export as new Build Order

Oreo Zerg 

Build Orders: Hatch First 

Get SALT Encoding   

  12  0:00  Drone  
  13  0:12  Overlord  
  13  0:16  Drone  
  14  0:30  Drone x2  
  16  0:47  Hatchery  
  15  0:51  Drone  
  15  0:54  Drone  
  17  0:58  Drone  
  18  1:09  Extractor  
  17  1:13  Spawning Pool  
  17  1:16  Drone  
  17  1:19  Drone  
  18  1:28  Drone  
  19  1:38  Drone  
  20  1:49  Overlord  
  20  1:59  Queen  
  20  2:00  Zergling x4, Queen  
  26  2:09  Drone  
  26  2:11  Drone  
  26  2:12  Metabolic Boost  
  28  2:21  Drone x2  
  30  2:32  Hatchery  
  30  2:35  Drone  
  30  2:38  Drone  
  30  2:41  Drone  
  32  2:45  Overlord  
  32  2:51  Queen  
  32  2:55  Drone  
  32  2:56  Drone  
  36  3:02  Queen  
  38  3:07  Overlord  
  38  3:10  Drone  
  38  3:11  Drone  
  40  3:14  Drone  
  40  3:15  Drone  
  40  3:18  Drone  
  44  3:20  Drone  
  44  3:27  Queen, Drone  
  45  3:30  Spore Crawler  
  45  3:32  Drone  
  47  3:35  Overlord  
  47  3:42  Drone x3  
  47  3:45  Queen  
  52  3:48  Overlord  
  52  3:54  Drone x3  
  55  3:57  Drone x2  
  55  3:59  Drone  
  58  4:06  Overlord  
  58  4:08  Drone x3  
  61  4:10  Overlord  
  61  4:12  Drone  
  61  4:14  Drone  
  63  4:17  Drone x2  
  63  4:18  Drone  
  63  4:21  Overlord  
  66  4:25  Roach Warren  
  66  4:27  Drone x2  
  66  4:29  Drone  
  68  4:31  Drone x2  
  68  4:35  Lair  
  68  4:38  Extractor x2, Drone  
  71  4:41  Extractor x2, Drone x2  
  71  4:43  Drone  
  71  4:44  Drone  
  71  4:46  Spore Crawler  
  71  4:47  Spore Crawler  
  71  4:49  Drone  
  70  4:53  Drone x3  
  70  4:55  Drone x2  
  70  4:57  Drone  
  70  4:59  Overlord  
  76  5:03  Evolution Chamber  
  75  5:08  Drone x3  
  75  5:11  Extractor  
  75  5:12  Overlord  
  77  5:15  Drone x3  
  77  5:18  Overlord  
  80  5:25  Overlord  
  80  5:31  Zerg Missile Weapons Level 1  
  80  5:34  Glial Reconstitution  
  80  5:35  Hatchery  
  79  5:36  Hydralisk Den, Drone  
  79  5:37  Drone  
  79  5:38  Overlord  
  79  5:39  Roach x2  
  79  5:42  Roach  
  86  5:44  Roach x2  
  86  5:47  Roach  
  86  5:48  Roach  
  94  5:50  Roach  
  94  5:51  Roach  
  94  5:53  Overlord  
  98  6:05  Grooved Spines, Hydralisk x5  
  98  6:08  Hydralisk  
  110  6:14  Overlord, Hydralisk  
  110  6:16  Hydralisk x2  
  116  6:18  Hydralisk  
  116  6:21  Hydralisk  
  116  6:24  Hydralisk  
  122  6:26  Hydralisk  
  122  6:29  Hydralisk  
  122  6:30  Hydralisk  
  122  6:31  Hydralisk  
  130  6:35  Overlord  
  130  6:38  Roach x2  
  134  6:40  Roach  
  134  6:42  Roach  
  134  6:43  Roach  
  134  6:44  Roach  
  134  6:47  Overlord  
  142  6:48  Roach  
  142  6:53  Roach x3  
  150  6:55  Roach  
  150  6:57  Overlord  
  150  7:00  Roach x2  
  156  7:02  Roach  
  156  7:04  Zergling x4  
  156  7:05  Zergling x2  
  161  7:10  Ravager x5  
Tags
 
Add a new tag
Caveats
  • Supply blocks, unpowered buildings, or Contaminate may cause inaccurate times.
  • Supply counts are checked every 10 seconds.